 Dungeon Crawl Stone Soup version 0.18-a0-1070-gd466a24 (webtiles) character file.

525161 M4edhros the Fetichist (level 25, 0/169 HPs)
             Began as an Octopode Artificer on Jan 12, 2016.
             Was an Elder of Fedhas.
             Slain by a sun demon (3 damage)
             ... in a wizard's laboratory on Jan 13, 2016.
             The game lasted 05:59:54 (76076 turns).

M4edhros the Fetichist (Octopode Artificer)        Turns: 76076, Time: 05:59:55

Health: 0/169      AC: 15    Str: 21    XL:     25   Next: 1%
Magic:  0/58       EV: 17    Int: 35    God:    Fedhas [****..]
Gold:   2982       SH: 27    Dex:  3    Spells: 8 memorised, 23 levels left

rFire  + + +     SeeInvis .     b - +9 rod of destruction (16/16)
rCold  + + .     Gourm    .     q - +7 large shield {AC+3}
rNeg   . . .     Faith    .     E - +2 hat of Sovereignty {rC+ MP+9 Str+7}
rPois  +         Spirit   +     Y - amulet "Murebar" {Spirit rElec rPois MR++ Stlth-}
rElec  +         Dismiss  .     M - ring of Mesotog {rF+ MR+ MP+9 AC+2}
rCorr  .         Reflect  .     r - +5 ring of evasion
SustAt .         Harm     .     o - ring "Fefag" {*Contam +Fly Str+2 Int+5}
MR     +++++     Rnd*Rage +     v - ring of the Locust {rElec rF+ Int+2 Dex-3}
Stlth  +++++++...               Z - ring of wizardry
                                n - ring of the Equinox {rF+ MR+ MP+9 Stlth+}
                                (no ring)
                                N - +3 ring of protection

@: studying Air Magic, repel missiles, almost entirely resistant to hostile
enchantments, extremely stealthy
A: almost no armour, amphibious, 8 rings, constrict 8, tentacle spike 1, rough
black scales 1, camouflage 1, berserk 1, blurry vision 2, clumsy 1, cold
resistance 1, low mp 2, magic resistance 1, mutation resistance 1, slow
regeneration 1, gelatinous body 1
a: Evolution, Sunlight, Growth, Reproduction, Renounce Religion, Evoke Flight
}: 4/15 runes: decaying, slimy, silver, gossamer


You were in a wizard's laboratory.
You worshipped Fedhas.
Fedhas was greatly pleased with you.
You were not hungry.

You visited 10 branches of the dungeon, and saw 53 of its levels.
You also visited: Sewer and Wizlab.

You collected 7411 gold pieces.
You spent 4429 gold pieces at shops.

Inventory:

Hand Weapons
 s - the +3 greatsling of Gybud {venom, Int+4 Dex+4}
   (You found it on level 3 of the Elven Halls)

   It poisons the ammo it fires.
   It affects your intelligence (+4).
   It affects your dexterity (+4).
 x - a +9 demon trident of venom
Missiles
 e - 1242 stones (quivered)
 D - 89 sling bullets
Armour
 q - a +7 large shield of protection (worn)
 E - the +2 hat of Sovereignty (worn) {rC+ MP+9 Str+7}
   (You found it on level 6 of the Pits of Slime)

   It affects your strength (+7).
   It protects you from cold.
   It affects your magic capacity (+9).
Rods
 b - a +9 rod of destruction (16/16) (weapon)
   (You bought it in a shop on level 1 of the Orcish Mines)
 V - a +4 lightning rod (14/14)
   (You took it off a deep elf annihilator on level 3 of the Elven Halls)
Jewellery
 n - the ring of the Equinox (on tentacle) {rF+ MR+ MP+9 Stlth+}
   (You found it on level 8 of the Dungeon)

   [ring of magical power]

   It protects you from fire.
   It affects your resistance to hostile enchantments.
   It affects your magic capacity (+9).
   It makes you more stealthy.
 o - the ring "Fefag" (on tentacle) {*Contam +Fly Str+2 Int+5}
   (You took it off a deep elf death mage on level 3 of the Elven Halls)

   [ring of flight]

   It affects your strength (+2).
   It affects your intelligence (+5).
   It lets you fly.
   It causes magical contamination when unequipped.
 r - a +5 ring of evasion (right tentacle)
 v - the ring of the Locust (on tentacle) {rElec rF+ Int+2 Dex-3}
   (You took it off a deep elf high priest on level 3 of the Elven Halls)

   [ring of dexterity]

   It affects your intelligence (+2).
   It affects your dexterity (-3).
   It protects you from fire.
   It insulates you from electricity.
 M - the ring of Mesotog (left tentacle) {rF+ MR+ MP+9 AC+2}
   (You took it off a vault sentinel on level 5 of the Vaults)

   [ring of protection]

   It affects your AC (+2).
   It protects you from fire.
   It affects your resistance to hostile enchantments.
   It affects your magic capacity (+9).
 N - a +3 ring of protection (on tentacle)
 Y - the amulet "Murebar" (around mantle) {Spirit rElec rPois MR++ Stlth-}
   (You took it off a deep elf annihilator on level 3 of the Elven Halls)

   [amulet of guardian spirit]

   It causes incoming damage to be split between your health and magic.
   It insulates you from electricity.
   It protects you from poison.
   It affects your resistance to hostile enchantments.
   It makes you less stealthy.
 Z - a ring of wizardry (on tentacle)
Wands
 c - a wand of enslavement (4/24)
 f - a wand of disintegration (7/24)
 T - a wand of teleportation (3/9)
 X - a wand of confusion (15/48)
Scrolls
 a - 8 scrolls of teleportation
 u - 6 scrolls of fog
 y - 4 scrolls of recharging
 B - 5 scrolls of blinking
 I - 5 scrolls of fear
Potions
 g - a potion of agility
 A - 5 potions of resistance
 H - 3 potions of curing
 J - 3 potions of might
 L - 2 potions of haste
 Q - 2 potions of brilliance
Books
 F - a manual of Air Magic
Miscellaneous
 j - a sack of spiders
 k - a stone of tremors
 m - a fan of gales (inert)
 t - a sack of spiders {used: 11}
 z - a box of beasts {used: 7}
 C - a box of beasts
 K - a lamp of fire
 R - a lantern of shadows
 U - a phial of floods
Comestibles
 d - 4 royal jellies
 i - 12 beef jerkies
 w - a slice of pizza
 W - 35 fruits


   Skills:
 - Level 13.4 Fighting
   Level 1.1 Short Blades
 - Level 12.1 Slings
 + Level 17.6 Dodging
 - Level 15.0 Stealth
 + Level 17.8 Shields
 * Level 12.9 Spellcasting
 * Level 4.0 Transmutations
 * Level 19.3 Air Magic
 * Level 4.4 Earth Magic
 - Level 10.2 Invocations
 * Level 19.5 Evocations


You had 23 spell levels left.
You knew the following spells:

 Your Spells              Type           Power        Failure   Level  Hunger
a - Repel Missiles        Chrm/Air       ######       1%          2    None
b - Apportation           Tloc           ###.......   2%          1    None
c - Mephitic Cloud        Conj/Pois/Air  ######..     1%          3    None
d - Swiftness             Chrm/Air       ######..     1%          2    None
e - Lightning Bolt        Conj/Air       ######....   1%          5    None
f - Summon Lightning Spi  Summ/Air       ######..     1%          4    None
g - Statue Form           Trmt/Erth      ######...    75%         6    ###....
h - Regeneration          Chrm/Necr      ###.......   7%          3    None


Dungeon Overview and Level Annotations

Branches:
Dungeon (15/15)            Temple (1/1) D:5            Lair (8/8) D:9
  Swamp (4/4) Lair:6       Spider (4/4) Lair:5        Slime (6/6) Lair:8
    Orc (2/2) D:12            Elf (3/3) Orc:2        Vaults (5/5) D:13
  Crypt (0/3) Vaults:3     Depths (5/5) D:15
    Zot: Depths:5

Altars:
Ashenzari
Cheibriados
Dithmenos
Elyvilon
Fedhas
Gozag
Kikubaaqudgha
Makhleb
Nemelex Xobeh
Okawaru
Pakellas
Qazlal
Ru
Sif Muna
Trog
Vehumet
Xom
Yredelemnul
Zin
The Shining One
Beogh
Jiyva

Shops:
D:7 =   Orc:1 }   Orc:2 *(:[   Depths:1 [   Depths:5 *

Portals:
Hell: Depths:1 Depths:2 Depths:3 Depths:4 Depths:5
Abyss: Depths:1 Depths:4
Pandemonium: Depths:3 Depths:5
Ziggurat: Depths:3
Trove: Vaults:1 (give +4 ice dragon armour)

Annotations:
Slime:3 Dissolution
Elf:2 5 runed doors


Innate Abilities, Weirdness & Mutations

You cannot wear most types of armour.
You are amphibious.
You can wear up to eight rings at the same time.
You can use your tentacles to constrict eight enemies at once.
Your skin changes colour to match your surroundings (Stealth).
Your rubbery body absorbs attacks (AC +1).
One of your tentacles bears a spike.
You are partially covered in rough black scales (AC +4, Dex -1).
You tend to lose your temper in combat.
Scrolls take you longer to read.
You are clumsy. (Dex -2)
Your flesh is cold resistant.
Your magical capacity is very low (-20% MP).
You are resistant to hostile enchantments.
You are somewhat resistant to further mutation.
You regenerate slowly when monsters are visible.


Message History

The sun demon barely misses you.
A hellion and a tormentor come into view.
Your elder weirdox beast barely misses the sun demon. x2
Your elder weirdox beast tramples the sun demon but does no damage.
Found 2 scrolls of enchant armour.
The tormentor calls on the powers of darkness!
Your elder stingox beast convulses!
Your elder weirdox beast convulses!
Your body is wracked with pain!
* * * LOW HITPOINT WARNING * * *
Read which item? (? for menu, Esc to quit)
Really read with blurry vision while enemies are nearby?
The sun demon hits you!!
* * * LOW HITPOINT WARNING * * *
You are engulfed in flames.
You resist.
* * * LOW HITPOINT WARNING * * *
You block the sun demon's attack. The sun demon hits you!!
* * * LOW HITPOINT WARNING * * *
You are engulfed in flames.
You resist.
You die...
Fedhas appreciates your contribution to the ecosystem.

#.... #..∩. #....
#.... #....
#####################
#....................
#....................
#..4@................
#..33........###.....
#..HHH2?.....# #.....
#............###.WWW.
#..................WW
#........2...#...###W
#...........?#...# #W
#............#W..###.
#...........2W.......


You could see 2 sun demons, an ice devil, a hellion, a tormentor and 3 friendly
mutant beasts.

Vanquished Creatures
  the Royal Jelly (Slime:6)
  Frederick (Depths:3)
  The ghost of Scytalen the Phalangite, a veteran MfGl of Okawaru (Depths:2)
  Jorgrun (Spider:3)
  2 tentacled monstrosities (Vaults:5)
  4 liches
  Rupert (Vaults:2)
  Asterion (Vaults:2)
  2 deep elf blademasters (Elf:3)
  2 titans (Vaults:5)
  2 deep elf master archers (Elf:3)
  18 acid blobs
  Frances (Swamp:1)
  A storm dragon (Vaults:5)
  A sphinx (Vaults:5)
  An ancient champion (Vaults:2)
  5 tengu reavers
  5 fire giants
  9 azure jellies
  6 frost giants
  Maud (Lair:8)
  7 emperor scorpions
  2 ghost moths (Spider:4)
  5 deep elf sorcerers
  An orc warlord (Orc:1)
  A spectral caustic shrike (Depths:2)
  Louise (Spider:2)
  13 vault wardens
  An iron dragon (Vaults:5)
  11 ironheart preservers
  13 stone giants
  2 deep elf elementalists (Elf:3)
  A spriggan defender (Depths:4)
  Nessos (D:12)
  A caustic shrike skeleton (Depths:3)
  3 deep elf demonologists (Elf:3)
  6 vampire knights
  10 very ugly things
  5 salamander stormcallers
  5 deep elf annihilators (Elf:3)
  4 spark wasps
  A dire elephant (Lair:8)
  7 ettins
  27 vault guards
  A crystal guardian (Depths:2)
  8 deep elf death magi
  11 fire dragons
  10 death oozes
  Josephine (D:13)
  4 deep elf high priests
  2 green deaths (Swamp:4)
  12 yaktaur captains
  12 great orbs of eyes
  Fannar (D:12)
  3 ice dragons (Depths:2)
  9 wandering mushrooms
  14 hydras
  3 rakshasas
  A ghost crab (Swamp:3)
  13 centaur warriors
  8 entropy weavers
  2 spriggan air magi
  3 alligators
  8 ogre magi
  A death knight (Vaults:3)
  8 deep troll shamans
  4 dancing weapons
  10 death yaks (Lair:8)
  5 deep troll earth magi
  2 tengu warriors
  A spectral spriggan (Depths:2)
  2 orc high priests (Orc:1)
  2 vampire magi
  6 hell knights
  4 spriggan berserkers (Depths:5)
  A titan skeleton (Vaults:5)
  Sonja (Lair:1)
  10 deep elf knights
  A salamander mystic (Vaults:3)
  A fire crab (Vaults:4)
  5 skeletal warriors
  3 shadow wraiths
  2 unseen horrors
  A sea snake (shapeshifter) (Vaults:2)
  3 iron trolls
  30 deep trolls
  2 spriggan druids
  5 giant orange brains
  4 swamp dragons
  6 hill giants
  A golden dragon skeleton (Depths:3)
  3 wizards
  5 necromancers
  7 orc knights
  7 deep elf archers
  15 ironbrand convokers
  2 phantasmal warriors
  20 orb spiders
  An orange crystal statue (Depths:2)
  17 wolf spiders
  A salamander (shapeshifter) (Vaults:1)
  A faun (shapeshifter) (Vaults:1)
  3 shining eyes
  38 deep elf magi
  58 ugly things
  6 cyclopes
  3 moths of wrath
  5 hornets
  A hornet (shapeshifter) (Vaults:4)
  3 orc sorcerers
  79 slime creatures
  A shining eye (shapeshifter) (Depths:1)
  4 griffons
  6 elephants
  8 salamanders
  5 black mambas
  A fire giant skeleton (Depths:3)
  An ice statue (D:14)
  A torpor snail (Spider:1)
  A torpor snail (shapeshifter) (Depths:2)
  A storm dragon simulacrum (Vaults:3)
  Maurice (D:12)
  Psyche (D:8)
  2 eyes of devastation
  21 spiny frogs
  10 vault sentinels
  2 gargoyles
  3 orange demons
  A spriggan skeleton (Depths:3)
  4 komodo dragons
  A fire drake (shapeshifter) (Elf:1)
  4 kobold demonologists
  53 yaktaurs
  2 tengu conjurers
  14 demonic crawlers
  6 trolls
  A wind drake (shapeshifter) (Depths:1)
  2 freezing wraiths
  A two-headed ogre (shapeshifter) (Vaults:2)
  23 jumping spiders
  2 polar bears (Lair:6)
  6 giant leeches
  11 two-headed ogres
  10 boulder beetles
  A bog body (Swamp:1)
  A stone giant simulacrum (Vaults:3)
  Prince Ribbit (D:5)
  10 blink frogs
  The ghost of M4edhros the Sneak, an amateur OpAr (D:5)
  6 shadows
  77 redbacks
  A spriggan (Swamp:2)
  Sigmund (D:3)
  2 air elementals
  An ettin skeleton (Vaults:5)
  Eustachio (D:5)
  31 yaks
  A vampire (D:15)
  20 tarantellas
  9 water elementals (Depths:1)
  A salamander simulacrum (Vaults:2)
  A steam dragon (D:10)
  5 wyverns
  3 basilisks
  4 wraiths
  The ghost of tof the Covered, an amateur FoFi of Ru (Sewer)
  A neqoxec (WizLab)
  3 golden eyes (Slime:6)
  3 hippogriffs
  2 hungry ghosts
  18 vampire mosquitoes
  A mottled dragon (Vaults:1)
  8 insubstantial wisps
  14 swamp worms
  3 wargs
  A large abomination (Swamp:4)
  5 wolves (Lair:8)
  2 soldier ants (D:10)
  A soldier ant (shapeshifter) (Elf:1)
  21 water moccasins
  3 hell hounds (Depths:5)
  8 porcupines
  31 orc warriors
  7 swamp drakes
  3 phantoms
  8 eyes of draining
  3 ice beasts
  3 sky beasts
  6 wasps
  5 black bears
  44 ogres
  5 boggarts (Depths:1)
  12 centaurs
  12 crocodiles
  A big kobold (Vaults:2)
  2 earth elementals
  20 giant frogs
  A gnoll sergeant (D:9)
  A komodo dragon skeleton (Lair:6)
  2 glowing shapeshifter simulacra (Vaults:2)
  A scorpion (D:12)
  13 killer bees
  An elf simulacrum (Vaults:2)
  2 wyvern skeletons
  A water moccasin skeleton (D:8)
  15 wights
  4 electric eels
  4 crimson imps
  A giant frog zombie (D:13)
  A quasit (D:15)
  19 jellies
  6 hounds
  14 orc priests
  An iron imp (Depths:1)
  9 centaur skeletons
  2 giant frog skeletons
  Jessica (D:2)
  2 basilisk skeletons (Lair:6)
  11 iguanas
  Terence (D:2)
  Natasha (D:2)
  26 orc wizards
  10 worker ants
  A giant frog simulacrum (D:13)
  16 sheep
  3 hound skeletons
  2 worker ant zombies
  19 adders
  2 gnolls
  82 river rats
  2 shadow imps
  2 oozes
  2 adder zombies (D:4)
  4 adder skeletons
  4 worms
  3 giant geckos
  65 orcs
  8 giant cockroaches
  6 goblins
  5 hobgoblins
  13 jackals
  21 kobolds
  14 quokkas
  4 ball pythons
  11 bats
  A giant gecko skeleton (D:4)
  8 giant newts
  A quokka skeleton (D:4)
  A quokka zombie (D:6)
  26 rats
  6 ballistomycetes
  3 crawling corpses
  18 giant spores
  6 plants
  11 toadstools
1881 creatures vanquished.

Vanquished Creatures (collateral kills)
  An ancient lich (Vaults:5)
  Sojobo (Vaults:4)
  Saint Roka (Orc:2)
  A golden dragon (Depths:2)
  2 liches
  4 tentacled monstrosities (Vaults:5)
  3 titans
  4 acid blobs (Slime:6)
  2 quicksilver dragons
  2 sphinxes
  3 storm dragons
  3 shadow dragons
  2 tengu reavers
  6 frost giants
  3 fire giants
  2 azure jellies
  A deep elf sorcerer (Elf:2)
  A ghost moth (Spider:4)
  2 vault wardens (Vaults:5)
  3 ironheart preservers
  4 deep elf elementalists
  2 war gargoyles (Vaults:5)
  2 very ugly things
  A spriggan defender (Depths:4)
  6 stone giants
  A salamander stormcaller (Vaults:5)
  4 deep elf demonologists
  2 deep elf annihilators (Elf:3)
  3 spark wasps
  4 ettins
  3 fire dragons
  2 deep elf death magi
  10 crystal guardians (Depths:2)
  9 vault guards
  5 yaktaur captains
  2 deep elf high priests (Elf:3)
  3 ogre magi
  4 great orbs of eyes
  An entropy weaver (Depths:5)
  5 hydras
  2 hell beasts (Swamp:4)
  A rakshasa (Depths:2)
  A spriggan air mage (Depths:5)
  A catoblepas (Lair:8)
  5 ice dragons
  An anaconda (shapeshifter) (Vaults:5)
  A dancing weapon (Elf:3)
  2 death yaks (Lair:8)
  3 deep troll shamans
  3 deep troll earth magi
  The ghost of Trivium the Cleaver, a novice FoFi of Okawaru (D:8)
  A vampire mage (Depths:2)
  A hell hog (Depths:5)
  A tengu warrior (Depths:3)
  Urug (Orc:2)
  An orc high priest (Orc:2)
  A deep elf knight (Vaults:5)
  A titan skeleton (Depths:3)
  A shadow wraith (Vaults:5)
  A salamander mystic (Depths:5)
  2 hell knights
  2 iron trolls (Depths:3)
  A skeletal warrior (Depths:3)
  3 swamp dragons (Swamp:4)
  A wizard (Depths:2)
  2 deep elf archers
  2 hill giants (D:12)
  7 deep trolls
  2 flayed ghosts (Vaults:5)
  A shadow dragon zombie (Depths:3)
  A harpy (shapeshifter) (Vaults:5)
  3 ironbrand convokers (Vaults:5)
  7 deep elf magi
  2 phantasmal warriors
  4 orc knights
  10 ugly things
  A necromancer (Depths:3)
  A shadow dragon skeleton (Depths:3)
  2 orc sorcerers (Orc:2)
  A frost giant zombie (Depths:3)
  12 slime creatures
  A shining eye (Slime:6)
  A hornet (Spider:4)
  A griffon (Lair:7)
  4 wolf spiders
  2 cyclopes
  2 salamanders (Vaults:3)
  An orb spider (Spider:4)
  A manticore (D:14)
  A human skeleton (Vaults:5)
  An elephant (shapeshifter) (Vaults:4)
  A fire giant skeleton (Vaults:5)
  A frost giant skeleton (Depths:3)
  2 vault sentinels
  2 elf skeletons (Depths:3)
  4 komodo dragons
  2 spiny frogs
  9 yaktaurs
  2 demonic crawlers
  A tormentor (WizLab)
  A fire drake (Lair:8)
  2 trolls
  9 jumping spiders
  A giant leech (Swamp:4)
  6 freezing wraiths
  A jumping spider (shapeshifter) (Depths:4)
  A two-headed ogre (shapeshifter) (Elf:3)
  2 boulder beetles (Spider:4)
  A raiju (shapeshifter) (Depths:4)
  2 bog bodies (Swamp:4)
  6 two-headed ogres
  A fire giant simulacrum (Vaults:3)
  A shadow (Swamp:4)
  An ettin skeleton (Depths:3)
  4 wraiths
  10 redbacks
  3 yaks
  A wyvern (D:11)
  3 water elementals
  2 hippogriffs
  A chaos spawn (WizLab)
  A hungry ghost (D:14)
  5 vampire mosquitoes
  10 insubstantial wisps
  5 hell hounds (Depths:5)
  4 wargs
  15 orc warriors
  An ice beast (D:10)
  2 wasps
  4 sky beasts
  11 ogres
  2 small abominations
  4 killer bees
  2 crimson imps
  5 jellies
  9 orc priests
  9 orc wizards
  A giant frog skeleton (D:12)
  An iguana (shapeshifter) (Vaults:5)
  A worker ant (D:12)
  2 gnolls (D:9)
  6 river rats
  6 orcs
  A quokka (D:7)
  A ballistomycete (Vaults:5)
  A crawling corpse (Depths:5)
  32 giant spores
  3 hyperactive ballistomycetes
459 creatures vanquished.

Vanquished Creatures (others)
  6 oklob plants
  2 eldritch tentacles (Depths:3)
  A sphinx (Vaults:5)
  2 fire giants
  2 deep elf elementalists
  A spark wasp (Spider:4)
  A deep elf high priest (Depths:5)
  2 alligators
  A flayed ghost (Vaults:4)
  A shambling mangrove (Swamp:4)
  An ironbrand convoker (Vaults:4)
  A necromancer (Vaults:3)
  3 hornets
  A wyvern (D:12)
  A black mamba (Lair:8)
  An orange demon (Swamp:4)
  2 spiny frogs
  A demonic crawler (Spider:2)
  2 yaktaurs (Vaults:4)
  A troll (Vaults:4)
  2 giant leeches
  A fire giant simulacrum (Vaults:3)
  6 bog bodies
  An air elemental (Depths:5)
  2 spriggans
  4 vampire mosquitoes
  A warg (Orc:2)
  3 swamp worms (Swamp:3)
  An ettin simulacrum (Vaults:3)
  A wasp (Swamp:3)
  2 ogres
  A necrophage (D:7)
  A killer bee (D:10)
  2 worker ant zombies
  85 wandering mushrooms
  2 orcs
  47 ballistomycetes
  5 briar patches (Orc:2)
  171 eldritch tentacle segments (Depths:3)
  2 fire vortices (Orc:1)
  8 fungi
  18 giant spores
  3 hyperactive ballistomycetes
  23 plants
  1614 toadstools
2039 creatures vanquished.

Grand Total: 4379 creatures vanquished

Notes
Turn   | Place    | Note
--------------------------------------------------------------
     0 | D:1      | M4edhros the Octopode Artificer began the quest for the Orb.
     0 | D:1      | Reached XP level 1. HP: 13/13 MP: 3/3
   301 | D:1      | Reached XP level 2. HP: 18/18 MP: 4/4
   760 | D:2      | Reached skill level 4 in Evocations
   881 | D:2      | Found a faded altar to an unknown god.
   897 | D:2      | Reached XP level 3. HP: 16/23 MP: 6/6
  1028 | D:2      | Found a snail-covered altar of Cheibriados.
  1194 | D:2      | Noticed Terence
  1194 | D:2      | Noticed Jessica
  1200 | D:2      | Killed Jessica
  1200 | D:2      | Reached XP level 4. HP: 28/28 MP: 7/7
  1205 | D:2      | Killed Terence
  1205 | D:2      | Reached skill level 1 in Shields
  1278 | D:3      | Reached XP level 5. HP: 25/33 MP: 8/8
  1548 | D:4      | Noticed a phantom
  1553 | D:4      | Killed a phantom
  1553 | D:4      | Reached XP level 6. HP: 38/38 MP: 9/9
  1560 | D:4      | Reached skill level 5 in Evocations
  1583 | D:4      | Found a bloodstained altar of Trog.
  1736 | D:4      | Reached XP level 7. HP: 37/43 MP: 10/10
  1873 | D:4      | Reached skill level 5 in Stealth
  1880 | D:4      | Found a glowing drain.
  1890 | Sewer    | Entered a sewer
  1890 | Sewer    | Noticed tof's ghost (amateur FoFi)
  1898 | Sewer    | Killed tof's ghost
  2857 | D:5      | Entered Level 5 of the Dungeon
  2857 | D:5      | Noticed Prince Ribbit
  2865 | D:5      | Killed Prince Ribbit
  2865 | D:5      | Reached skill level 6 in Stealth
  2865 | D:5      | Reached XP level 8. HP: 41/48 MP: 12/12
  3043 | D:5      | Reached skill level 5 in Dodging
  3072 | D:5      | Noticed M4edhros's ghost (amateur OpAr)
  3097 | D:5      | Killed M4edhros's ghost
  3142 | D:5      | Found a staircase to the Ecumenical Temple.
  3150 | Temple   | Entered the Ecumenical Temple
  3163 | Temple   | Became a worshipper of Xom of Chaos
  3231 | Temple   | Fell from the grace of Xom
  3231 | Temple   | Became a worshipper of Fedhas Madash
  3529 | D:2      | Reached skill level 7 in Stealth
  3537 | D:2      | Noticed Natasha
  3539 | D:2      | Killed Natasha
  3549 | D:2      | XOM: mild Summ miscast
  3580 | D:2      | Found a burning altar of Makhleb.
  4050 | D:3      | Reached * piety under Fedhas
  4208 | D:3      | Noticed Sigmund
  4214 | D:3      | Killed Sigmund
  4667 | D:4      | Reached ** piety under Fedhas
  5001 | D:5      | Noticed Eustachio
  5075 | D:5      | Killed Eustachio
  5075 | D:5      | Reached skill level 8 in Stealth
  5112 | D:5      | Found a radiant altar of Vehumet.
  5241 | D:5      | Reached XP level 9. HP: 53/53 MP: 14/14
  5633 | D:6      | Found a sacrificial altar of Ru.
  5703 | D:6      | Found an iron altar of Okawaru.
  5738 | D:6      | Reached skill level 5 in Shields
  5756 | D:6      | Reached skill level 1 in Slings
  6390 | D:7      | Found Ewiz's Jewellery Boutique.
  6525 | D:7      | Found a radiant altar of Vehumet.
  6577 | D:7      | Found a basalt altar of Yredelemnul.
  6760 | D:7      | Found a glowing silver altar of Zin.
  6792 | D:7      | Reached skill level 1 in Invocations
  6889 | D:8      | Got a vibrating jade ring
  6890 | D:8      | Identified the ring of the Equinox {rF+ MR+ MP+9 Stlth+} (You found it on level 8 of the Dungeon)
  6909 | D:8      | Noticed Psyche
  6985 | D:8      | Gained mutation: You are partially covered in icy blue scales (AC +1). [mutagenic meat]
  6986 | D:8      | Gained mutation: You expend magic power (3 MP) to strengthen your wands. [mutagenic meat]
  6987 | D:8      | Gained mutation: You are frail (-10% HP). [mutagenic meat]
  7230 | D:8      | XOM: mild Fire miscast
  7302 | D:8      | Noticed Trivium's ghost (novice FoFi)
  7335 | D:8      | Killed Trivium's ghost
  7407 | D:8      | Gained mutation: Your body sometimes deteriorates upon taking damage. [potion of mutation]
  7408 | D:8      | Lost mutation: Your body sometimes deteriorates upon taking damage. [potion of cure mutation]
  7408 | D:8      | Lost mutation: You are frail (-10% HP). [potion of cure mutation]
  7408 | D:8      | Lost mutation: You expend magic power (3 MP) to strengthen your wands. [potion of cure mutation]
  7417 | D:8      | Identified Witchcraft for Rookies (You found it on level 8 of the Dungeon)
  7420 | D:8      | Learned a level 1 spell: Flame Tongue
  7496 | D:8      | Learned a level 1 spell: Apportation
  7776 | D:8      | XOM: mild Ice miscast
  7972 | D:9      | Reached XP level 10. HP: 52/58 MP: 15/15
  8215 | D:9      | Found a staircase to the Lair.
  8362 | D:9      | Gained mutation: You are partially covered in rough black scales (AC +4, Dex -1). [mutagenic meat]
  8363 | D:9      | Gained mutation: You are agile. (Dex +2) [mutagenic meat]
  8364 | D:9      | Gained mutation: You evolve. [mutagenic meat]
  8366 | D:9      | Gained mutation: You have a pair of small antennae on your head. [mutagenic meat]
  8368 | D:9      | XOM: mild Air miscast
  8373 | D:9      | Found a shattered altar of Ashenzari.
  8418 | D:9      | Reached *** piety under Fedhas
  8616 | D:9      | Found an oddly glowing altar of Pakellas.
  8645 | D:9      | Reached skill level 9 in Stealth
  8811 | D:10     | Entered Level 10 of the Dungeon
  8937 | D:10     | Noticed a hill giant
  8949 | D:10     | Killed a hill giant
  8960 | D:10     | XOM: medium Erth miscast
  9142 | D:10     | Reached skill level 5 in Invocations
  9182 | D:10     | Gained mutation: You expend magic power (3 MP) to strengthen your wands. [mutagenic meat]
  9183 | D:10     | Lost mutation: You are agile. (Dex +2) [mutagenic meat]
  9184 | D:10     | Gained mutation: Scrolls take you a little longer to read. [mutagenic meat]
  9185 | D:10     | Lost mutation: You evolve. [mutagenic meat]
  9288 | D:10     | Reached skill level 5 in Slings
  9409 | D:10     | XOM: medium Fire miscast
  9443 | D:10     | Reached XP level 11. HP: 63/63 MP: 17/17
  9663 | D:11     | Reached **** piety under Fedhas
  9987 | D:11     | Noticed a white ugly thing
 10136 | D:11     | Killed a white ugly thing
 10140 | D:11     | Lost mutation: You expend magic power (3 MP) to strengthen your wands. [mutagenic meat]
 10141 | D:11     | Gained mutation: You tend to lose your temper in combat. [mutagenic meat]
 10142 | D:11     | Gained mutation: You are dopey. (Int -2) [mutagenic meat]
 10144 | D:11     | XOM: silly message
 10248 | D:11     | XOM: harmless Chrm miscast
 10306 | D:11     | XOM: harmless Hex miscast
 10481 | D:12     | Noticed Nessos
 10497 | D:12     | Noticed Maurice
 10516 | D:12     | Killed Nessos
 10516 | D:12     | Reached skill level 10 in Stealth
 10522 | D:12     | Killed Maurice
 10526 | D:12     | XOM: harmless Trmt miscast
 10598 | D:12     | XOM: harmless Fire miscast
 10601 | D:12     | Noticed a cyclops
 10608 | D:12     | Noticed an unseen horror
 10611 | D:12     | Killed an unseen horror
 10629 | D:12     | Noticed Fannar
 10630 | D:12     | Killed a cyclops
 10641 | D:12     | Killed Fannar
 10753 | D:12     | Noticed a hill giant
 10790 | D:12     | XOM: harmless Ice miscast
 10802 | D:12     | XOM: divination: magic mapping
 10845 | D:12     | Killed a hill giant
 10845 | D:12     | Reached XP level 12. HP: 69/69 MP: 18/18
 10943 | D:12     | XOM: silly message
 10990 | D:12     | Found a staircase to the Orcish Mines.
 11392 | D:13     | Noticed a centaur warrior
 11397 | D:13     | Killed a centaur warrior
 11399 | D:13     | Noticed Josephine
 11620 | D:13     | Noticed a centaur warrior
 11648 | D:13     | Killed a centaur warrior
 11652 | D:13     | Gained mutation: You are very dopey. (Int -4) [mutagenic meat]
 11654 | D:13     | Gained mutation: Your magical capacity is low (-10% MP). [mutagenic meat]
 11803 | D:13     | XOM: silly message
 11869 | D:13     | XOM: harmless Necr miscast
 11919 | D:13     | Noticed a tengu warrior
 11929 | D:13     | Killed a tengu warrior
 12063 | D:13     | Noticed a centaur warrior
 12087 | D:13     | Killed a centaur warrior
 12388 | D:13     | Found a gate to the Vaults.
 12388 | D:13     | Noticed a vault guard
 12400 | D:13     | Killed a vault guard
 12400 | D:13     | Reached skill level 11 in Stealth
 12494 | D:13     | Killed Josephine
 12494 | D:13     | Reached skill level 10 in Dodging
 12690 | D:14     | Lost mutation: Scrolls take you a little longer to read. [mutagenic meat]
 12691 | D:14     | Gained mutation: You are mostly covered in rough black scales (AC +7, Dex -2). [mutagenic meat]
 13108 | D:14     | Reached XP level 13. HP: 43/76 MP: 18/18
 13138 | D:14     | Reached skill level 10 in Shields
 13152 | D:14     | Gained mutation: You are agile. (Dex +2) [mutagenic meat]
 13153 | D:14     | Lost mutation: You are very dopey. (Int -4) [mutagenic meat]
 13154 | D:14     | Lost mutation: Your magical capacity is low (-10% MP). [mutagenic meat]
 13159 | D:14     | Gained mutation: Your body sometimes deteriorates upon taking damage. [mutagenic meat]
 13594 | D:15     | Entered Level 15 of the Dungeon
 13694 | D:15     | Noticed a fire dragon
 13695 | D:15     | Noticed a fire dragon
 13782 | Orc:1    | Entered Level 1 of the Orcish Mines
 13786 | Orc:1    | Noticed an ettin
 13799 | Orc:1    | Killed an ettin
 13999 | Orc:1    | Found Edeu's Gadget Shoppe.
 14228 | Orc:1    | Noticed an orc warlord
 14268 | Orc:1    | Killed an orc warlord
 14284 | Orc:1    | Reached ***** piety under Fedhas
 14289 | Orc:1    | XOM: mild Fire miscast
 14601 | Orc:1    | XOM: medium Pois miscast
 15202 | Orc:1    | Found a roughly hewn altar of Beogh.
 15386 | Orc:1    | XOM: mild Hex miscast
 15475 | Orc:2    | Entered Level 2 of the Orcish Mines
 15579 | Orc:2    | XOM: polymorph wandering mushroom -> thorn hunter
 15678 | Orc:2    | XOM: medium Tloc miscast
 15678 | Orc:2    | Was forgiven by Xom
 15906 | Orc:2    | Found a staircase to the Elven Halls.
 15995 | Orc:2    | Noticed Urug
 16002 | Orc:2    | Noticed Saint Roka
 16004 | Orc:2    | Killed Urug
 16041 | Orc:2    | Killed Saint Roka
 16338 | Orc:2    | Found a roughly hewn altar of Beogh.
 16342 | Orc:2    | Found Uryzxoh's Antique Weapon Shoppe.
 16378 | Orc:2    | Found Muche's Antique Armour Shoppe.
 16391 | Orc:2    | Bought a glowing hunting sling for 43 gold pieces
 16416 | Orc:2    | Found Ehoader's Book Shoppe.
 16425 | Orc:2    | Bought a book of Minor Magic for 280 gold pieces
 16442 | Orc:2    | Found Panarah's General Store.
 16625 | Orc:2    | Found a roughly hewn altar of Beogh.
 17262 | D:12     | Reached skill level 10 in Invocations
 17265 | D:12     | Reached XP level 14. HP: 48/85 MP: 17/21
 17329 | Lair:1   | Entered Level 1 of the Lair of Beasts
 17437 | Lair:1   | Reached skill level 10 in Evocations
 17467 | Lair:1   | Reached skill level 12 in Stealth
 17808 | Lair:1   | Noticed Sonja
 17815 | Lair:1   | Killed Sonja
 18089 | Lair:1   | Learned a level 2 spell: Repel Missiles
 18093 | Lair:1   | Learned a level 3 spell: Mephitic Cloud
 20547 | Lair:4   | Lost mutation: Your body sometimes deteriorates upon taking damage. [potion of mutation]
 20720 | Lair:4   | Reached skill level 10 in Slings
 21266 | Lair:5   | Reached skill level 5 in Fighting
 21495 | Lair:5   | Found a hole to the Spider Nest.
 22392 | Lair:6   | Got a steaming war axe
 22393 | Lair:6   | Identified the +7 war axe of Hezxaqaw {freeze, Str+2} (You found it on level 6 of the Lair of Beasts)
 22823 | Lair:6   | Found a staircase to the Swamp.
 24186 | Lair:8   | Entered Level 8 of the Lair of Beasts
 24191 | Lair:8   | Reached ****** piety under Fedhas
 24204 | Lair:8   | Reached XP level 15. HP: 94/94 MP: 22/22
 24260 | Lair:8   | Found a staircase to the Slime Pits.
 24968 | Lair:8   | Noticed Maud
 24979 | Lair:8   | Killed Maud
 25136 | Lair:8   | Reached skill level 13 in Stealth
 25869 | Lair:8   | Got a transparent dagger
 25872 | Lair:8   | Identified the +3 dagger of the Hidden Stars {pierce, Str+3} (You found it on level 8 of the Lair of Beasts)
 26704 | Elf:1    | Entered Level 1 of the Elven Halls
 26952 | Elf:2    | Noticed a deep elf blademaster
 26960 | Elf:2    | Found a huge runed gate.
 26960 | Elf:2    | Found a huge runed gate.
 26960 | Elf:2    | Found a huge runed gate.
 26960 | Elf:2    | Found a huge runed gate.
 26960 | Elf:2    | Found a huge runed gate.
 27038 | Elf:2    | Noticed a deep elf elementalist
 27222 | Elf:2    | HP: 4/96 [ghostly deep elf death mage/vampiric draining (18)]
 27224 | Elf:2    | Reached skill level 1 in Air Magic
 27467 | Elf:2    | Noticed a deep elf sorcerer
 27479 | Elf:2    | Killed a deep elf sorcerer
 27559 | Elf:3    | Entered Level 3 of the Elven Halls
 27624 | Elf:3    | Noticed a deep elf elementalist
 27663 | Elf:3    | Noticed a cacodemon
 27665 | Elf:3    | Noticed a deep elf sorcerer
 27665 | Elf:3    | Reached skill level 1 in Spellcasting
 27668 | Elf:3    | Noticed a balrug
 27669 | Elf:3    | Killed a deep elf sorcerer
 27681 | Elf:3    | Reached XP level 16. HP: 93/103 MP: 20/24
 27684 | Elf:3    | Noticed a deep elf master archer
 27688 | Elf:3    | Killed a deep elf master archer
 27775 | Elf:3    | Noticed a deep elf master archer
 27928 | Elf:3    | Killed a deep elf master archer
 28021 | Elf:3    | Noticed a deep elf blademaster
 28033 | Elf:3    | Killed a deep elf blademaster
 28452 | Elf:3    | Got a scorched bone ring
 28454 | Elf:3    | Identified the ring "Fefag" {*Contam +Fly Str+2 Int+5} (You took it off a deep elf death mage on level 3 of the Elven Halls)
 28704 | Elf:3    | Noticed an Ice Fiend
 28714 | Elf:3    | Noticed a deep elf blademaster
 29032 | Elf:3    | Killed a deep elf blademaster
 29070 | Elf:3    | Got a pitted triple sword {slice}
 29071 | Elf:3    | Identified the +3 triple sword "Dageriurua" {slice, +Blink rF+ Stlth+} (You took it off a deep elf demonologist on level 3 of the Elven Halls)
 29227 | Elf:3    | Got a crude sapphire amulet
 29228 | Elf:3    | Identified the amulet of Deehi {MPRegen rElec rC+ MR+} (You took it off a deep elf blademaster on level 3 of the Elven Halls)
 29231 | Elf:3    | Got a crude lapis lazuli ring
 29234 | Elf:3    | Got a pitted demon blade {pain}
 29241 | Elf:3    | Got a glittering ruby amulet
 29243 | Elf:3    | Identified the cursed +0 demon blade of Goplol {pain, Dex+5} (You took it off a deep elf death mage on level 3 of the Elven Halls)
 29275 | Elf:3    | Got a slimy rapier {pierce}
 29403 | Elf:3    | Got a twisted hunting sling
 29411 | Elf:3    | Identified the cursed ring of the Locust {rElec rF+ Int+2 Dex-3} (You took it off a deep elf high priest on level 3 of the Elven Halls)
 29449 | Elf:3    | Got a dazzling greatsling
 29454 | Elf:3    | Identified the amulet "Murebar" {Spirit rElec rPois MR++ Stlth-} (You took it off a deep elf annihilator on level 3 of the Elven Halls)
 29974 | Elf:1    | Reached skill level 14 in Stealth
 30431 | D:10     | Identified the +6 rapier "Puqoash" {pierce, Dex+3} (You took it off a deep elf annihilator on level 3 of the Elven Halls)
 30432 | D:10     | Identified the cursed +3 greatsling of Gybud {venom, Int+4 Dex+4} (You found it on level 3 of the Elven Halls)
 30520 | D:8      | Identified the +3 hunting sling of Checks and Balances {velocity, Int+4} (You found it on level 3 of the Elven Halls)
 30542 | D:8      | Killed Psyche
 30547 | D:8      | Gained mutation: Your system is resistant to poisons. [potion of mutation]
 31497 | Orc:2    | Bought a scroll of enchant armour for 97 gold pieces
 31497 | Orc:2    | Bought a potion of agility for 52 gold pieces
 31881 | Orc:1    | Bought a cursed +4 rod of destruction (10/10) for 1520 gold pieces
 32184 | Swamp:1  | Entered Level 1 of the Swamp
 32276 | Swamp:1  | Reached XP level 17. HP: 62/109 MP: 25/25
 32383 | Swamp:1  | Reached skill level 5 in Air Magic
 32456 | Swamp:1  | Noticed Frances
 32472 | Swamp:1  | Killed Frances
 34436 | Swamp:3  | Lost mutation: You are agile. (Dex +2) [mutagenic meat]
 34849 | Swamp:4  | Entered Level 4 of the Swamp
 36342 | Swamp:4  | Got a decaying rune of Zot
 36543 | Spider:1 | Entered Level 1 of the Spider Nest
 36775 | Spider:1 | Reached skill level 5 in Spellcasting
 36943 | Spider:1 | Learned a level 2 spell: Swiftness
 37541 | Spider:2 | Noticed Louise
 37554 | Spider:2 | Killed Louise
 37633 | Spider:2 | Reached XP level 18. HP: 118/118 MP: 27/27
 37672 | Spider:2 | Reached skill level 15 in Stealth
 39041 | Spider:3 | Gained mutation: You expend magic power (3 MP) to strengthen your wands. [potion of mutation]
 39041 | Spider:3 | Lost mutation: You expend magic power (3 MP) to strengthen your wands. [potion of mutation]
 39041 | Spider:3 | Gained mutation: One of your tentacles bears a spike. [potion of mutation]
 39060 | Spider:3 | Noticed Jorgrun
 39070 | Spider:3 | Killed Jorgrun
 39400 | Spider:3 | Learned a level 5 spell: Lightning Bolt
 39874 | Spider:4 | Entered Level 4 of the Spider Nest
 40477 | Spider:4 | Reached skill level 15 in Shields
 40865 | Spider:4 | Reached skill level 15 in Dodging
 40887 | Spider:4 | Gained mutation: You possess an exceptional clarity of mind. [mutagenic meat]
 40888 | Spider:4 | Lost mutation: You are dopey. (Int -2) [mutagenic meat]
 41722 | Spider:4 | Gained mutation: You are dopey. (Int -2) [mutagenic meat]
 41895 | Spider:4 | Got a gossamer rune of Zot
 42999 | D:15     | Found a viscous altar of Jiyva.
 43220 | D:15     | Found a staircase to the Depths.
 43278 | Depths:1 | Entered Level 1 of the Depths
 43304 | Depths:1 | Found Mob Enaynt's Antique Armour Emporium.
 43317 | Depths:1 | Reached XP level 19. HP: 126/126 MP: 29/29
 43374 | Depths:1 | Gained mutation: You are occasionally teleported next to monsters. [mutagenic meat]
 43375 | Depths:1 | Lost mutation: You possess an exceptional clarity of mind. [mutagenic meat]
 43376 | Depths:1 | Gained mutation: You are weak. (Str -2) [mutagenic meat]
 43378 | Depths:1 | Lost mutation: You are weak. (Str -2) [mutagenic meat]
 43381 | Depths:1 | Gained mutation: Your flesh is cold resistant. [mutagenic meat]
 43384 | Depths:1 | Lost mutation: One of your tentacles bears a spike. [mutagenic meat]
 43385 | Depths:1 | Lost mutation: You have a pair of small antennae on your head. [mutagenic meat]
 43391 | Depths:1 | Found a one-way gate to the infinite horrors of the Abyss.
 43959 | Depths:1 | Found a gateway to Hell.
 43993 | Depths:1 | Reached skill level 10 in Air Magic
 44012 | Depths:1 | Lost mutation: You are dopey. (Int -2) [mutagenic meat]
 44013 | Depths:1 | Gained mutation: Your magical capacity is low (-10% MP). [mutagenic meat]
 44017 | Depths:1 | Gained mutation: You are dopey. (Int -2) [mutagenic meat]
 44020 | Depths:1 | Lost mutation: You are dopey. (Int -2) [mutagenic meat]
 44021 | Depths:1 | Lost mutation: Your magical capacity is low (-10% MP). [mutagenic meat]
 44283 | Depths:2 | Gained mutation: You often lose your temper in combat. [mutagenic meat]
 44284 | Depths:2 | Gained mutation: Your muscles are strong. (Str +2) [mutagenic meat]
 44285 | Depths:2 | Lost mutation: Your muscles are strong. (Str +2) [mutagenic meat]
 44287 | Depths:2 | Lost mutation: You are mostly covered in rough black scales (AC +7, Dex -2). [mutagenic meat]
 44288 | Depths:2 | Gained mutation: You are partially covered in yellow scales (AC +2). [mutagenic meat]
 44538 | Depths:2 | Noticed Scytalen's ghost (veteran MfGl)
 45091 | Vaults:1 | Entered Level 1 of the Vaults
 45470 | Vaults:1 | Reached skill level 10 in Fighting
 45616 | Vaults:1 | Found a portal to a secret trove of treasure.
 46450 | Vaults:1 | Upgraded the game from 0.18-a0-1060-g4fac74f to 0.18-a0-1070-gd466a24
 47092 | Vaults:2 | Noticed Rupert
 47136 | Vaults:2 | Killed Rupert
 47272 | Vaults:2 | Noticed Asterion
 47279 | Vaults:2 | Killed Asterion
 47414 | Vaults:2 | Drew Focus: Int increased to 22, Dex decreased to 11
 47415 | Vaults:2 | Lost mutation: You often lose your temper in combat. [helix card]
 47415 | Vaults:2 | Gained mutation: Your magical capacity is low (-10% MP). [helix card]
 47416 | Vaults:2 | Drew Focus: Int increased to 23, Dex decreased to 10
 47418 | Vaults:2 | Drew Focus: Int increased to 24, Dex decreased to 9
 47592 | Vaults:2 | Reached XP level 20. HP: 112/133 MP: 28/28
 48796 | Vaults:2 | Reached skill level 15 in Evocations
 49523 | Vaults:3 | Found a staircase to the Crypt.
 49782 | Vaults:3 | Reached skill level 16 in Shields
 51079 | Vaults:4 | Noticed Sojobo
 51091 | Vaults:4 | Got an ebony scimitar
 51390 | Vaults:4 | Killed Sojobo
 51391 | Vaults:4 | Reached XP level 21. HP: 66/140 MP: 14/30
 51704 | Vaults:4 | Gained mutation: You possess an exceptional clarity of mind. [mutagenic meat]
 52930 | Lair:6   | Identified the +8 scimitar "Reeshrot" {drain, Dex+3 SInv} (You found it on level 4 of the Vaults)
 53639 | D:15     | Lost mutation: You possess an exceptional clarity of mind. [potion of cure mutation]
 53639 | D:15     | Lost mutation: You are partially covered in icy blue scales (AC +1). [potion of cure mutation]
 53639 | D:15     | Lost mutation: Your magical capacity is low (-10% MP). [potion of cure mutation]
 53639 | D:15     | Lost mutation: Your system is resistant to poisons. [potion of cure mutation]
 53639 | D:15     | Lost mutation: You are occasionally teleported next to monsters. [potion of cure mutation]
 54047 | Vaults:5 | Entered Level 5 of the Vaults
 54307 | Vaults:5 | Reached skill level 15 in Air Magic
 54424 | Vaults:5 | Reached XP level 22. HP: 93/148 MP: 21/35
 54464 | Vaults:5 | Reached skill level 17 in Evocations
 54698 | Vaults:5 | Noticed an ancient lich
 54745 | Vaults:5 | Killed an ancient lich
 54921 | Vaults:5 | Got a vibrating granite ring
 55753 | Vaults:5 | Gained mutation: You are robust (+10% HP). [mutagenic meat]
 55754 | Vaults:5 | Gained mutation: Scrolls take you a little longer to read. [mutagenic meat]
 55755 | Vaults:5 | Lost mutation: You are robust (+10% HP). [mutagenic meat]
 55756 | Vaults:5 | Gained mutation: Scrolls take you longer to read. [mutagenic meat]
 55757 | Vaults:5 | Gained mutation: You are resistant to hostile enchantments. [mutagenic meat]
 55855 | Vaults:5 | Reached skill level 10 in Spellcasting
 56162 | Vaults:5 | Got a slimy dagger
 56178 | Vaults:5 | Identified the ring of Mesotog {rF+ MR+ MP+9 AC+2} (You took it off a vault sentinel on level 5 of the Vaults)
 56181 | Vaults:5 | Identified the +4 dagger "Beastbane" {venom, *Rage Str+3 Int+2} (You found it on level 5 of the Vaults)
 56352 | Vaults:5 | Learned a level 4 spell: Summon Lightning Spire
 56357 | Vaults:5 | Got a silver rune of Zot
 56758 | Orc:2    | Bought a manual of Air Magic for 1545 gold pieces
 57808 | Slime:1  | Entered Level 1 of the Pits of Slime
 58323 | Slime:3  | Found a viscous altar of Jiyva.
 58411 | Slime:3  | Noticed Dissolution
 58420 | Slime:3  | Paralysed by a giant eyeball for 3 turns
 59078 | Slime:3  | Gained mutation: You are clumsy. (Dex -2) [a shining eye]
 59291 | Slime:5  | Gained mutation: Scrolls take you much longer to read. [a shining eye]
 60088 | Slime:6  | Entered Level 6 of the Pits of Slime
 60527 | Slime:6  | Noticed the Royal Jelly
 60587 | Slime:6  | Found a viscous altar of Jiyva.
 60954 | Slime:6  | Reached skill level 18 in Evocations
 60954 | Slime:6  | Reached XP level 23. HP: 155/155 MP: 37/37
 61606 | Slime:6  | Killed the Royal Jelly
 63127 | Slime:6  | Learned a level 6 spell: Statue Form
 63165 | Slime:6  | Got a polished hat
 63220 | Slime:6  | Got a vibrating steel ring
 63272 | Slime:6  | Identified the +2 hat of Sovereignty {rC+ MP+9 Str+7} (You found it on level 6 of the Pits of Slime)
 63326 | Slime:6  | Identified a scroll of acquirement
 63361 | Slime:6  | Got a slimy rune of Zot
 63406 | Slime:6  | Got a translucent dagger
 63410 | Slime:6  | Identified the ring "Dukowofi" {+Blink rPois rC++ Str-5 Stlth-} (You found it on level 6 of the Pits of Slime)
 63413 | Slime:6  | Identified the +5 dagger "Atism" {pierce, Int+6 Dex+3} (You found it on level 6 of the Pits of Slime)
 64076 | D:13     | Lost mutation: Scrolls take you much longer to read. [mutagenic meat]
 64077 | D:13     | Gained mutation: You are somewhat resistant to further mutation. [mutagenic meat]
 64647 | Depths:2 | Killed Scytalen's ghost
 64685 | Depths:2 | Gained mutation: Your magical capacity is low (-10% MP). [mutagenic meat]
 64697 | Depths:2 | Lost mutation: You are clumsy. (Dex -2) [mutagenic meat]
 66589 | Depths:2 | Found a deep blue altar of Sif Muna.
 67417 | Depths:3 | Noticed a golden dragon
 67425 | Depths:2 | Killed a golden dragon
 69027 | Depths:2 | Gained mutation: One of your tentacles bears a spike. [mutagenic meat]
 69191 | Depths:2 | Reached XP level 24. HP: 74/163 MP: 35/35
 71066 | D:7      | Bought the amulet "Bikh" {MPRegen *Contam rN+ MP+9 Dex+4} for 572 gold pieces
 71234 | Orc:1    | Bought a box of beasts for 320 gold pieces
 71543 | Depths:3 | Reached skill level 19 in Evocations
 71667 | Depths:3 | Gained mutation: You regenerate slowly when monsters are visible. [mutagenic meat]
 71672 | Depths:3 | Identified Egawy's Disquisition on Helpful Evil (You found it on level 3 of the Depths)
 71678 | Depths:3 | Learned a level 3 spell: Regeneration
 72054 | Lair:2   | Lost mutation: You are partially covered in yellow scales (AC +2). [potion of cure mutation]
 72770 | Depths:3 | Found a one-way gate leading to the halls of Pandemonium.
 73049 | Depths:3 | Noticed Frederick
 73060 | Depths:3 | Killed Frederick
 73147 | Depths:3 | Found a gateway to a ziggurat.
 73321 | Depths:3 | Reached skill level 1 in Transmutations
 73322 | Depths:3 | Reached skill level 1 in Earth Magic
 73814 | Depths:3 | Gained mutation: You are clumsy. (Dex -2) [mutagenic meat]
 75308 | Depths:5 | Entered Level 5 of the Depths
 75552 | Depths:5 | Gained mutation: Your magical capacity is very low (-20% MP). [mutagenic glow]
 75651 | Depths:5 | Found Ihumem's Demolitions Depot.
 75734 | Depths:5 | Reached XP level 25. HP: 15/169 MP: 8/31
 75782 | Depths:5 | Found a magical portal.
 75791 | WizLab   | Entered Doroklohe's Tomb
 76076 | WizLab   | HP: 3/169 [sun demon (26)]
 76076 | WizLab   | Slain by a sun demon

Vault maps used:
D:1:      dpeg_arrival_chase
D:2:      cheibriados_altar_1, ecumenical_altar_1, makhleb_heckhound_becter,
          uniq_terence, uniq_natasha, uniq_jessica
D:3:      uniq_sigmund
D:4:      wad_woods_stonehenge, first_bread, gup_sewer_entry_bubbles,
          serial_undead, serial_undead_a, serial_undead_f, serial_undead_c,
          serial_undead_c, serial_undead_e, dk_rats_in_the_wall
D:5:      vehumet_crystals, minmay_temple_entry_junction2, uniq_eustachio,
          uniq_prince_ribbit1
D:6:      nicolae_ru_sacrificial_ziggurat, okawaru_metal_pillars_1_2
D:7:      lemuel_round_altar, kennysheep_mini_moat, serial_shops,
          nicolae_shop_trees, basic_altar
D:8:      uniq_psyche
D:9:      grunt_pakellas_basics, nicolae_ashenzari_panopticon,
          david_lair_shrubbed
D:10:     hangedman_pestilent_swarm, hangedman_misty_isle
D:11:     serial_glass, glass_columns_a, glass_columns_b, minmay_radiant
D:12:     minmay_orc_entry_guard_dogs, uniq_nessos, uniq_maurice, uniq_fannar
D:13:     david_vaults_5, uniq_josephine
D:14:     minmay_misc_feat_rugged, minivault_16
D:15:     grunt_enter_depths_hoard, jiyva_altar_1
Temple:   eino_temple_water_12
Lair:1:   serial_bayou_shore_b, grunt_megastairs_4, infiniplex_staircase_pool,
          serial_bayou_shore_b, uniq_sonja
Lair:3:   serial_bayou_shore_a
Lair:5:   spider_nest_entry_a
Lair:6:   pond_and_an_island_with_a_cottage, swamp_mist_pool,
          beast_lair_carwin_11
Lair:7:   cheibrodos_lair_reptile_den
Lair:8:   grunt_lair_end_beastmaster, minmay_slime_entry_oklob_enclosed,
          uniq_maud
Swamp:1:  wheals_swamp_sinkhole, swamp_pool5, uniq_frances
Swamp:2:  serial_swamp_ruin, evilmike_swamp_ruin_house_3,
          evilmike_swamp_ruin_house_2, swamp_pool1
Swamp:3:  evilmike_swamp_ruin_house_1
Swamp:4:  swamp_vile, swamp_pool1
Spider:1: nicolae_crawler_farm
Spider:2: guppyfry_spider_mini_2, uniq_louise
Spider:3: uniq_jorgrun
Spider:4: grunt_spider_rune_circles, hangedman_stitches_earthworm
Slime:3:  basic_altar, cheibrodos_slime_lost_civilization_4, uniq_dissolution
Orc:1:    orc_temple, serial_shops, shop
Orc:2:    grunt_orc_cross, mines1_david
Elf:1:    minmay_elf_crystal_hexagon, grunt_megastairs_3
Elf:2:    dk_noncrumbling_4
Elf:3:    minmay_elf_hall_spiked, hangedman_elven_ridges, minivault_14,
          uniq_wiglaf
Vaults:1: hangedman_vaults_snaps, hangedman_vaults_maws, vaults_room_corners,
          vaults_mumra_chevron, v_misc_13, v_misc_25, vaults_dpeg_encased_lava,
          vaults_dpeg_hooks, grunt_vaults_hallway_long, ontoclasm_vaults_chip,
          v_rooms_2, grunt_vaults_hallway_short, nicolae_trove_entry_crossroad,
          uniq_asterion
Vaults:2: hangedman_vaults_stream, nicolae_vaults_angled_halls, v_misc_3,
          v_pattern_4, nicolae_vaults_yaktaur_gun_rack, v_misc_15,
          nicolae_vaults_triangles, v_misc_31, v_misc_22, sword_in_stone,
          vaults_room_pool, grunt_vaults_hallway_short
Vaults:3: vaults_mumra_hexcomb, nicolae_vaults_little_squares_5,
          nicolae_vaults_theta, minmay_crypt_entry_simple_walls,
          vaults_mumra_minichess_inversion, nicolae_vaults_angled_halls,
          vaults_room_grunt_arrival_checkpoint, v_pattern_1,
          grunt_vaults_hallway_short
Vaults:4: vaults_room_corners, v_misc_3, hangedman_vaults_nails,
          vaults_standard_mumra_enter_the_diamond, vaults_room_octagon,
          ontoclasm_vaults_pinch, v_rooms_4, nicolae_vaults_little_squares_3,
          ontoclasm_vaults_fault, vaults_room_corners, nicolae_vaults_gold_heap,
          uniq_sojobo
Depths:1: serial_shops, shop, fountainhead, abyss_entry,
          grunt_hell_entry_dis_old, serial_bayou_lagoon_b
Depths:2: minmay_crystal_thing, pf_coc_iceberg, small_statue_intersection,
          kennysheep_island_fort
Depths:3: hangedman_cross_stitches, enter_ziggurat_d, minmay_misc_feat_cross,
          pan_entry, special_room, pf_hell_entry_great_geh, kennysheep_dice,
          uniq_frederick
Depths:4: evilmike_cross, abyss_entry, hell_entry, kennysheep_generic_room_8,
          firewood_loft, infiniplex_staircase_spiral_double
Depths:5: grunt_zot_entry_funnels, infiniplex_enter_wizlab_spiral, pan_entry,
          solitary_fountain, grunt_hell_horde, nicolae_blasting_shop,
          serial_bayou_shore_b
Sewer:    sewer_co_scattered_pipes
WizLab:   wizlab_doroklohe

Action                   |  1- 3 |  4- 6 |  7- 9 | 10-12 | 13-15 | 16-18 | 19-21 | 22-24 | 25-27 || total
-------------------------+-------+-------+-------+-------+-------+-------+-------+-------+-------++-------
Melee: Short sword       |    45 |       |       |       |       |       |       |       |       ||    45
       Dagger            |    13 |    84 |   428 |   560 |   911 |    28 |       |       |       ||  2024
       War axe           |       |       |       |       |   230 |     8 |       |       |       ||   238
       Hunting sling     |       |       |       |       |     3 |       |       |       |       ||     3
       Rapier            |       |       |       |       |       |   360 |   407 |       |       ||   767
       Demon blade       |       |       |       |       |       |    86 |       |       |       ||    86
       Greatsling        |       |       |       |       |       |     4 |       |       |       ||     4
       Demon trident     |       |       |       |       |       |       |   456 |   903 |     9 ||  1368
       Rod               |       |       |       |       |       |       |    12 |     2 |       ||    14
       Blowgun           |       |       |       |       |       |       |     9 |       |       ||     9
       Staff             |       |       |       |       |       |       |       |    16 |       ||    16
 Fire: Hunting sling     |       |       |       |    14 |   521 |    28 |       |       |       ||   563
       Blowgun           |       |       |       |       |     5 |     7 |    10 |       |       ||    22
       Greatsling        |       |       |       |       |       |  1877 |   664 |  1690 |       ||  4231
 Cast: Repel Missiles    |       |       |       |       |     1 |     5 |     8 |    11 |       ||    25
       Mephitic Cloud    |       |       |       |       |       |    12 |    85 |    69 |       ||   166
       Lightning Bolt    |       |       |       |       |       |       |     2 |     1 |       ||     3
       Summon Lightning  |       |       |       |       |       |       |       |     7 |       ||     7
       Regeneration      |       |       |       |       |       |       |       |    32 |     7 ||    39
Invok: Evolution         |       |       |     2 |    10 |    22 |    23 |    36 |    20 |       ||   113
       Sunlight          |       |       |     1 |     6 |       |    20 |       |    17 |       ||    44
       Reproduction      |       |       |       |     3 |     9 |     4 |     5 |     4 |       ||    25
       Rain              |       |       |       |       |     2 |     9 |     4 |     2 |       ||    17
       Growth            |       |       |       |       |       |     2 |     1 |       |       ||     3
Evoke: Wand              |       |     9 |    12 |    13 |    44 |     7 |    14 |    22 |     1 ||   122
       Phantom mirror    |       |       |       |       |     1 |       |       |     2 |       ||     3
       Stone of tremors  |       |       |       |       |     1 |       |       |       |       ||     1
       Rod               |       |       |       |       |       |    99 |   214 |   180 |       ||   493
       Phial of floods   |       |       |       |       |       |     1 |     2 |     7 |       ||    10
       Fan of gales      |       |       |       |       |       |     1 |     3 |     8 |       ||    12
       Deck              |       |       |       |       |       |       |     5 |       |       ||     5
       Box of beasts     |       |       |       |       |       |       |     4 |    24 |     3 ||    31
       Sack of spiders   |       |       |       |       |       |       |       |    11 |       ||    11
       Lamp of fire      |       |       |       |       |       |       |       |     2 |       ||     2
  Use: Scroll            |       |     6 |     6 |    11 |    15 |    22 |    23 |    17 |       ||   100
       Potion            |       |       |    13 |     3 |    10 |     9 |     5 |    16 |       ||    56
 Stab: Sleeping          |     9 |    10 |    26 |    38 |    75 |     6 |    17 |     5 |       ||   186
       Distracted        |       |       |     2 |     1 |     2 |     7 |     1 |    16 |       ||    29
       Confused          |       |       |     3 |     6 |    12 |     6 |    21 |     7 |       ||    55
       Petrified         |       |       |       |       |     2 |       |       |       |       ||     2
  Eat: Chunk             |     1 |     1 |     8 |    18 |     7 |    10 |    52 |    63 |       ||   160
       Bread ration      |       |       |     2 |     4 |     9 |     6 |     3 |     8 |       ||    32
       Pizza             |       |       |     1 |     2 |     1 |     1 |     6 |     1 |       ||    12
       Meat ration       |       |       |     1 |       |     2 |     6 |       |     7 |       ||    16
       Royal jelly       |       |       |       |     1 |     2 |     4 |     1 |       |       ||     8
       Beef jerky        |       |       |       |       |     1 |       |     1 |     3 |       ||     5
